AoeStats
← ACI jyarar

Fortress

507828678Analyzed
4v4 RM · 14d ago on Sep 19, 2026· 70m 58s· 8 players
Game mode
Random Map
Map size
Huge
Population
200
Speed
Normal
Resources
Standard
Victory
Conquest
Starting age
Dark Age
Ending age
Imperial Age
RankedLock teamsTeams togetherTeam positionsShared explorationLock speedFull tech treeHidden civsTurbo modeCheats
Victory
Defeat
🇨🇴 Ethiopians · Colombia
1390
+14
🇨🇴 Spanish · Colombia
1349
+16
🇨🇴 Persians · Colombia
1243
+20
🇲🇽 Malians · Mexico
1135
+24
🇵🇪 Japanese · Peru
1377
-20
🇨🇦 Hindustanis · Canada
1375
-20
1327
-18
🇲🇽 Vietnamese · Mexico
1276
-16
old man
7:18 Feudal Age
11:34 Castle Age
9:22 Double-Bit Axe
12:29 Bow Saw
13:28 Loom
14:19 Horse Collar
16:50 Wheelbarrow
16:10 Gold Mining
20:01 Bloodlines
24:09 Imperial Age
21:49 Heavy Plow
23:33 Forging
23:23 Scale Mail Armor
23:15 Fletching
23:58 Hand Cart
24:22 Gold Shaft Mining
23:42 Stone Mining
25:03 Iron Casting
24:30 Squires
24:15 Arson
24:34 Grand Trunk Road
26:00 Chemistry
26:42 Conscription
26:44 Chain Mail Armor
28:12 Two-Man Saw
28:55 Thumb Ring
31:15 Stone Shaft Mining
31:50 Masonry
31:35 Murder Holes
33:15 Blast Furnace
32:11 Bodkin Arrow
33:57 Siege Engineers
34:18 Ballistics
35:17 Husbandry
34:37 Light Cavalry
36:12 Scale Barding Armor
36:08 Bracer
36:58 Padded Archer Armor
38:42 Heavy Camel Rider
43:40 Imperial Camel Rider
45:59 Caravan
50:12 Man-at-Arms
51:16 Long Swordsman
52:17 Two-Handed Swordsman
kraquen
8:54 Feudal Age
12:45 Castle Age
11:17 Double-Bit Axe
11:15 Horse Collar
11:30 Gold Mining
19:42 Scale Mail Armor
19:43 Loom
22:36 Forging
22:44 Chain Mail Armor
24:18 Wheelbarrow
24:59 Forging
26:18 Iron Casting
27:05 Gambesons
27:20 Squires
27:07 Arson
31:19 Hand Cart
33:46 Town Watch
37:33 Imperial Age
38:55 Elite Samurai
42:17 Plate Mail Armor
42:41 Caravan
42:57 Pikeman
44:34 Halberdier
46:55 Conscription
54:05 Blast Furnace
harry_mas0n
7:30 Feudal Age
11:22 Castle Age
9:24 Horse Collar
9:51 Double-Bit Axe
12:18 Bow Saw
12:11 Heavy Plow
13:41 Wheelbarrow
12:57 Loom
20:05 Fletching
24:43 Hand Cart
25:34 Gold Mining
26:11 Town Watch
30:42 Imperial Age
28:57 Stone Mining
31:02 Fortified Wall
31:32 Bodkin Arrow
33:17 Padded Archer Armor
33:56 Ballistics
35:09 Chemistry
34:37 Thumb Ring
35:10 Bracer
35:26 Leather Archer Armor
35:34 Elite Skirmisher
37:07 Leather Archer Armor
37:55 Crossbowman
38:45 Arbalester
38:53 Imperial Skirmisher
45:51 Bloodlines
45:42 Husbandry
46:26 Ring Archer Armor
46:18 Scale Barding Armor
46:23 Forging
47:28 Scale Mail Armor
47:39 Forging
48:08 Paper Money
48:41 Stone Shaft Mining
48:28 Chain Mail Armor
48:17 Squires
49:02 Pikeman
51:36 Two-Man Saw
50:21 Halberdier
51:53 Crop Rotation
52:24 Plate Mail Armor
58:42 Iron Casting
eartahhj | GamingHouse
9:53 Feudal Age
10:30 Double-Bit Axe
10:42 Horse Collar
13:29 Castle Age
11:58 Fletching
12:06 Double-Bit Axe
14:07 Bodkin Arrow
14:32 Bow Saw
14:40 Loom
16:04 Husbandry
26:29 Padded Archer Armor
27:51 Leather Archer Armor
28:29 Ballistics
31:46 Wheelbarrow
30:58 Town Watch
33:14 Bloodlines
34:59 Gold Mining
34:59 Stone Mining
40:40 Imperial Age
37:41 Pikeman
38:23 Scale Mail Armor
39:19 Heavy Plow
40:06 Arson
40:44 Heavy Cavalry Archer
40:46 Halberdier
41:27 Bracer
41:57 Ring Archer Armor
42:29 Chemistry
41:35 Siege Engineers
42:27 Conscription
43:23 Parthian Tactics
45:43 Crop Rotation
45:52 Chain Mail Armor
45:49 Man-at-Arms
47:54 Long Swordsman
48:56 Caravan
49:39 Murder Holes
49:56 Masonry
49:57 Two-Handed Swordsman
51:00 Champion
51:37 Elite Skirmisher
53:02 Scale Barding Armor
54:55 Two-Man Saw
54:44 Imperial Skirmisher
58:09 Hand Cart
Naco y Estúpido
8:01 Feudal Age
12:09 Castle Age
10:33 Double-Bit Axe
11:16 Horse Collar
11:31 Gold Mining
12:12 Forging
12:02 Scale Mail Armor
14:26 Loom
15:30 Squires
16:00 Arson
20:50 Iron Casting
20:57 Scale Mail Armor
23:18 Heavy Plow
23:31 Bow Saw
23:40 Chain Mail Armor
25:49 Wheelbarrow
26:08 Fletching
28:09 Hand Cart
28:14 Bodkin Arrow
35:43 Imperial Age
33:22 Scale Barding Armor
34:00 Gold Shaft Mining
33:15 Stone Mining
34:10 Bloodlines
34:00 Husbandry
34:35 Chain Barding Armor
37:05 Stone Shaft Mining
36:22 Cavalier
37:58 Plate Barding Armor
38:25 Farimba
38:46 Conscription
38:52 Conscription
40:04 Hoardings
45:21 Crop Rotation
44:40 Town Watch
49:35 Onager
51:10 Ballistics
51:50 Chemistry
51:04 Masonry
50:34 Treadmill Crane
51:43 Caravan
51:36 Siege Onager
56:38 Heavy Camel Rider
ACI Calvohp
7:48 Feudal Age
8:51 Double-Bit Axe
11:31 Castle Age
9:28 Horse Collar
12:37 Bow Saw
18:46 Wheelbarrow
20:42 Hand Cart
21:02 Fervor
21:55 Town Watch
23:08 Heavy Plow
24:14 Loom
24:40 Gold Mining
27:32 Imperial Age
25:27 Scale Mail Armor
25:57 Squires
26:25 Chain Mail Armor
26:37 Forging
27:35 Arson
27:57 Royal Heirs
29:07 Conscription
29:19 Plate Mail Armor
28:50 Elite Shotel Warrior
31:44 Iron Casting
31:19 Caravan
33:44 Blast Furnace
32:56 Fletching
36:19 Two-Man Saw
35:37 Bodkin Arrow
37:05 Chemistry
36:26 Ballistics
37:32 Masonry
39:07 Bracer
39:40 Architecture
40:54 Torsion Engines
46:14 Padded Archer Armor
47:35 Coinage
46:32 Elite Skirmisher
51:41 Guilds
52:46 Crossbowman
53:31 Thumb Ring
53:48 Arbalester
54:51 Siege Engineers
54:41 Murder Holes
56:53 Banking
59:20 Fortified Wall
60:32 Leather Archer Armor
60:37 Guard Tower
61:59 Spies/Treason
ACI Malandrin
7:18 Feudal Age
11:33 Castle Age
9:57 Double-Bit Axe
12:52 Horse Collar
20:43 Loom
23:45 Imperial Age
21:56 Bloodlines
22:59 Wheelbarrow
22:59 Forging
22:55 Scale Barding Armor
23:21 Cavalier
24:41 Iron Casting
27:54 Coinage
29:59 Chain Barding Armor
30:40 Blast Furnace
35:24 Plate Barding Armor
35:39 Ballistics
36:14 Bow Saw
36:11 Heavy Plow
36:02 Gold Mining
36:03 Stone Mining
36:22 Savar
36:55 Fletching
37:06 Padded Archer Armor
38:05 Husbandry
38:03 Bodkin Arrow
38:59 Masonry
40:00 Chemistry
40:12 Two-Man Saw
40:16 Coinage
40:14 Conscription
40:47 Architecture
40:15 Murder Holes
40:39 Guilds
42:37 Citadels
41:53 Light Cavalry
44:16 Hoardings
43:25 Hussar
44:55 Banking
44:35 Caravan
45:52 Padded Archer Armor
48:02 Leather Archer Armor
51:34 Gold Shaft Mining
51:34 Stone Shaft Mining
51:30 Crop Rotation
66:25 Spies/Treason
ACI jyarar
7:09 Feudal Age
11:53 Castle Age
9:42 Double-Bit Axe
9:50 Horse Collar
10:35 Padded Archer Armor
13:13 Leather Archer Armor
18:06 Loom
19:42 Wheelbarrow
21:48 Gold Mining
32:10 Hand Cart
32:05 Stone Mining
38:45 Town Watch
43:05 Imperial Age
43:14 Imperial Age
40:58 Thumb Ring
40:53 Elite Skirmisher
42:08 Fletching
42:54 Caravan
43:29 Thumb Ring
44:07 Ballistics
43:58 Fortified Wall
43:54 Bodkin Arrow
44:29 Ring Archer Armor
45:01 Chemistry
44:38 Conscription
46:23 Bracer
50:55 Masonry
51:09 Bow Saw
53:23 Hoardings
55:47 Two-Man Saw
66:16 Spies/Treason
Connection lost

Rejoining the realm…

Still unreachable

The connection could not be restored.

Session expired

The server has moved on; the page needs a fresh start.